 Dungeon Crawl Stone Soup version 0.25-a0-294-gea9b1ad378 (webtiles) character file.

Game seed: 16275930872010390527, levelgen mode: deterministic

221 vishdafish the Slasher (level 5, 0/50 HPs)
             Began as a Naga Berserker on Dec 16, 2019.
             Was a Believer of Trog.
             Succumbed to a worker ant's poison
             ... on level 2 of the Dungeon.
             The game lasted 00:02:29 (1589 turns).

vishdafish the Slasher (Naga Berserker)             Turns: 1589, Time: 00:02:32

Health: 0/50       AC:  2    Str: 19    XL:     5   Next: 98%
Magic:  5/5        EV: 10    Int:  8    God:    Trog [**....]
Gold:   62         SH:  0    Dex: 11    Spells: 4/4 levels left

rFire    . . .     SeeInvis +   a - +0 falchion
rCold    . . .     Gourm    .   (no shield)
rNeg     . . .     Faith    .   b - +0 animal skin
rPois    +         Spirit   .   (no helmet)
rElec    .         Reflect  .   (no cloak)
rCorr    .         Harm     .   (no gloves)
MR       .....                  (no barding)
Stlth    ++........             (no amulet)
HPRegen  0.16/turn              e - ring of stealth
MPRegen  0.09/turn              (no ring)

@: lethally poisoned (0 -> -3), berserk cooldown, very slow
A: large, see invisible, deformed body, poison resistance, slowness 2, slow
metabolism 1, spit poison 1, AC +1
a: Spit Poison, Berserk, Trog's Hand, Renounce Religion


You were on level 2 of the Dungeon.
You worshipped Trog.
Trog was pleased with you.
You were not hungry.

You visited 1 branch of the dungeon, and saw 2 of its levels.

You collected 62 gold pieces.

Inventory:

Hand Weapons
 a - a +0 falchion (weapon)
Armour
 b - a +0 animal skin (worn)
Jewellery
 e - a ring of stealth (left hand)
Scrolls
 g - a scroll of amnesia
 h - 3 scrolls of identify {unknown}
 m - a scroll of fog {unknown}
Potions
 f - a potion of haste
 i - a potion of flight {unknown}
 k - a potion of lignification
Comestibles
 c - 2 rations


   Skills:
 + Level 3.8 Fighting
 * Level 4.6 Long Blades
 + Level 2.5 Armour
 + Level 2.6 Dodging


You had 4 spell levels left.
You didn't know any spells.
Your spell library was empty.

Dungeon Overview and Level Annotations

Branches:
Dungeon (2/15)

Altars:
Elyvilon


Innate Abilities, Weirdness & Mutations

You cannot wear boots.
Your serpentine skin is tough. (AC +1)
You have supernaturally acute eyesight. (SInv)
Armour fits poorly on your strangely shaped body.
Your system is resistant to poisons. (rPois)
You cover ground very slowly.
You have a slow metabolism.
You can spit poison.


Message History

Okay, then.
Okay, then.
It was a potion of haste.
You feel yourself speed up.
It was a potion of resistance.
You feel protected.
* * * LOW HITPOINT WARNING * * *
You feel sick.
It was a potion of lignification.
You turn into a tree.
Your +0 animal skin melds into your body.
Your roots penetrate the ground.
Okay, then.
There is a lethal amount of poison in your body!
It was a potion of cancellation.
Your magical effects are unravelling.
You feel magically purged.
You feel less wooden.
Your +0 animal skin unmelds from your body.
You feel yourself speed up.
You feel yourself slow down.
Your resistance to elements expires.
You die...

#..........
########..........
..................
..#####...........##
.######............#######
.........................#
.....###.................#
.....##..#########.......#
..........##....@.........
.......♣.....######.......
......♣_♣.#### .......
#.###..♣..# .......
........... .......
########### #####.. #.


There were no monsters in sight!

Vanquished Creatures
  Sigmund (D:2)
  A worker ant (D:2)
  An adder (D:2)
  2 dart slugs
  A leopard gecko (D:1)
  4 bats (D:1)
  3 giant cockroaches (D:1)
  5 goblins
  6 hobgoblins
  A ball python (D:2)
  A frilled lizard (D:1)
  5 kobolds
  5 rats
36 creatures vanquished.

Notes
Turn   | Place    | Note
-------+----------+-------------------------------------------
     0 | D:1      | vishdafish the Naga Berserker began the quest for the Orb.
     0 | D:1      | Reached XP level 1. HP: 21/21 MP: 1/1
   288 | D:1      | Reached XP level 2. HP: 27/28 MP: 2/2
   904 | D:1      | Reached XP level 3. HP: 30/34 MP: 3/3
  1182 | D:2      | Noticed Sigmund
  1197 | D:2      | Killed Sigmund
  1197 | D:2      | Reached skill level 4 in Long Blades
  1197 | D:2      | Reached XP level 4. HP: 44/44 MP: 4/4
  1197 | D:2      | Reached XP level 5. HP: 50/50 MP: 5/5
  1271 | D:2      | Found a white marble altar of Elyvilon.
  1524 | D:2      | Reached ** piety under Trog
  1532 | D:2      | Found a faded altar of an unknown god.
  1584 | D:2      | HP: 2/50 [poisoned by a worker ant]
  1589 | D:2      | Succumbed to a worker ant's poison

Levels and vault maps discovered:
D:1:      sevenhm_arrival_forest_fort_small_4, layout_basic
D:2:      layout_rooms, elyvilon_altar_3, chequers_ecumenical_altar_simple,
          minmay_tall_x, uniq_sigmund, uniq_jessica

Skill      XL: |  1  2  3 |
---------------+----------+-----
Dodging        | 2 |  2.6
Long Blades    | 4 |  4.6
Armour         | 2 |  2.5
Fighting       | |  3.8

Action                   |  1- 3 |  4- 6 || total
-------------------------+-------+-------++-------
Melee: Falchion          |    77 |    37 ||   114
Invok: Berserk           |     2 |     1 ||     3
  Use: Scroll            |     2 |       ||     2
       Potion            |       |     4 ||     4
 Stab: Sleeping          |     2 |       ||     2
  Eat: Chunk             |     1 |     3 ||     4
Armor: Animal skin       |    13 |     2 ||    15
Dodge: Dodged            |    43 |    17 ||    60
       Rpst.: Falchion   |    10 |     6 ||    16

Table legend:
 A = Non-vault XP
 B = Vault XP
 C = Vault XP percentage of total XP
 D = Non-vault monster count
 E = Vault monster count
 F = Vault count percentage of total count
                 A         B        C        D         E       F
            +---------+---------+-------+---------+---------+-------
      Total |     105 |     212 |  66.9 |      35 |       1 |   2.8
            +---------+---------+-------+---------+---------+-------
        D:1 |      48 |       0 |   0.0 |      27 |       0 |   0.0
        D:2 |      57 |     212 |  78.8 |       8 |       1 |  11.1
            +---------+---------+-------+---------+---------+-------
